Cogmind - Beta 10.2 *** ADVENTURER MODE // 2022.01.02 @ 22:36:47 // Winter2019/RPGLIKE Player: Grommile Result: Self-destructed Performance ------------- Evolutions (1) 500 Regions Visited (4) 800 Robots Destroyed (56) 280 Value Destroyed (1116) 1116 Prototype IDs (9) 180 Alien Tech Used (0) 0 Bonus (117) 117 TOTAL SCORE: 2993 Bonus ------- Follower Combat Kills 117 Cogmind --------- Core Integrity 553/600 Matter 272/300 Energy 265/265 System Corruption 0% Temperature Cool (0) Movement Walking (120) Location -9/Mines Parts ------- > --- POWER (1) -------- Improved Ion Engine > --- PROPULSION (3) --- Aluminum Leg Aluminum Leg Aluminum Leg > --- UTILITY (3) ------ Improved Heat Sink Structural Scanner Signal Interpreter > --- WEAPON (3) ------- Particle Cannon Improved Light Cannon Rocket Launcher > --- INVENTORY (5) ---- Heat Sink Medium Matter Pod (100) EMP Blaster Datajack Mining Claw Peak State ------------ > --- POWER ------------ Improved Ion Engine > --- PROPULSION ------- Aluminum Leg Aluminum Leg Improved Flight Unit > --- UTILITY ---------- Heat Sink Structural Scanner Signal Interpreter > --- WEAPON ----------- Particle Gun Improved Light Cannon Rocket Launcher > --- INVENTORY -------- Medium Matter Pod Improved Light Cannon Mining Claw [Rating: 16] Favorites ----------- Power Improved Ion Engine Engine Improved Ion Engine Propulsion Aluminum Leg Leg Aluminum Leg Flight Unit Improved Flight Unit Utility Structural Scanner Device Structural Scanner Storage Medium Matter Pod Processor Signal Interpreter Protection Propulsion Shielding Weapon Improved Light Cannon Energy Gun Particle Gun Energy Cannon Beam Cannon Ballistic Gun Assault Rifle Ballistic Cannon Improved Light Cannon Launcher Rocket Launcher Slashing Weapon Mining Claw Build | -11 -10 -10 -9 -9 ------- Run | Scr Mat Min Mat Min Slots Evolved 6 | 3 . 3 . . Power . | . . . . . Propulsion 2 | 1 . 1 . . Utility 2 | 1 . 1 . . Weapon 2 | 1 . 1 . . Parts Attached 31 | 6 13 1 11 . Power 4 | 1 3 . . . Engine 4 | 1 3 . . . Core . | . . . . . Reactor . | . . . . . Propulsion 6 | 2 1 . 3 . Treads . | . . . . . Leg 5 | 2 1 . 2 . Wheel . | . . . . . Hover . | . . . . . Flight 1 | . . . 1 . Utility 8 | 1 5 . 2 . Device 5 | 1 2 . 2 . Storage 1 | . 1 . . . Processor 1 | . 1 . . . Hackware . | . . . . . Protection 1 | . 1 . . . Artifact . | . . . . . Weapon 13 | 2 4 1 6 . Energy Gun 4 | 1 . . 3 . Energy Cannon 3 | . 2 . 1 . Ballistic Gun 1 | 1 . . . . Ballistic Cannon 2 | . 2 . . . Launcher 2 | . . 1 1 . Special Weapon . | . . . . . Impact Weapon . | . . . . . Slashing Weapon 1 | . . . 1 . Piercing Weapon . | . . . . . Special Melee Weapon . | . . . . . Unidentified Prototypes 2 | . . . 2 . Parts Lost . | . . . . . Power . | . . . . . Propulsion . | . . . . . Utility . | . . . . . Weapon . | . . . . . Highest Loss Streak . | . . . . . Average Slot Usage (%) 97 | . 95 99 98 100 Engine 12 | . 14 13 10 10 Leg 28 | . 27 27 29 30 Device 18 | . 20 13 19 20 Processor 9 | . 6 13 10 10 Energy Gun 2 | . 1 . 6 . Energy Cannon 4 | . 9 . 3 10 Ballistic Gun 1 | . 3 . . . Ballistic Cannon 14 | . 10 27 10 10 Launcher 3 | . . . 9 10 Naked Turns . | . . . . . Heaviest Build 21 | 9 16 20 21 21 Greatest Support 30 | 20 20 20 30 30 Greatest Overweight (x) 1 | . 1 . . . Average Overweight (x) . | . . . . . Largest Inventory Capacity 5 | 4 4 4 5 5 Average Capacity 4 | 3 4 4 4 5 Most Carried 5 | 1 4 4 5 5 Average Carried 3 | . 3 3 4 5 Final Capacity 5 | 4 4 4 5 5 Final Carried 5 | 1 4 3 5 5 Class Distribution -------------------- 66% | Mutant 24% | Hacker-Mutant 8% | Hacker-Skirmisher Dominant Class ---------------- Mutant | -10/Materials Mutant | -10/Mines Hacker-Mutant | -9/Materials Hacker-Skirmisher | -9/Mines Resources | -11 -10 -10 -9 -9 ----------- Run | Scr Mat Min Mat Min Matter Collected 1272 | 272 397 178 425 . Remotely . | . . . . . Salvage Created 1079 | 128 406 64 481 . Parts 95 | 8 29 9 47 2 Haulers Intercepted 5 | . 2 . 3 . Recyclers Shooed . | . . . . . Parts Field Recycled . | . . . . . Retrieved Matter . | . . . . . Parts Self-Destructed . | . . . . . Prevented . | . . . . . Kills | -11 -10 -10 -9 -9 ------- Run | Scr Mat Min Mat Min Combat Hostiles Destroyed 32 | . 7 6 17 2 Guns 3 | . 1 . 2 . Cannons 25 | . 6 6 11 2 AOE 4 | . . . 4 . Classes Destroyed 11 | 2 6 . 2 1 Worker 5 | . 2 2 1 . Builder 1 | . 1 . . . Tunneler 3 | 2 . 1 . . Hauler 5 | . 2 . 3 . Recycler 3 | 1 2 . . . Watcher 7 | . 3 . 4 . Swarmer 12 | . 3 5 4 . Grunt 13 | . 4 1 7 1 Brawler 1 | . . . 1 . Duelist 1 | . . . . 1 Sentry 5 | . . . 5 . Best Kill Streak 6 | 3 4 3 6 2 Combat Bots Only 6 | . 3 3 6 2 Max Kills in Single Turn 2 | 1 1 1 2 1 Gunslinging . | . . . . . Exploded 2 | . . . 2 . Melee . | . . . . . Uniques/NPCs Destroyed . | . . . . . Combat | -11 -10 -10 -9 -9 -------- Run | Scr Mat Min Mat Min Damage Taken 1148 | . 314 133 545 156 Core 909 | . 247 99 435 128 Absorbed by Shields . | . . . . . Redirected to Core 732 | . 198 99 345 90 Core Remaining (%) 96 | 100 . 93 . . Volleys Fired 146 | 4 49 21 65 7 Largest 3 | 2 2 2 3 2 Hottest 137 | 60 99 78 137 107 Shots Fired 285 | 8 95 42 126 14 Gun 64 | 8 19 . 37 . Cannon 216 | . 76 42 84 14 Launcher 5 | . . . 5 . Special . | . . . . . Kinetic 165 | 4 49 42 63 7 Thermal 115 | 4 46 . 58 7 Explosive 5 | . . . 5 . Electromagnetic . | . . . . . Robot Hit Streak 27 | 4 20 16 27 6 Robot Miss Streak 5 | 1 5 3 4 1 Penetration Max . | . . . . . Secondary Targets . | . . . . . Shots Hit Robots 196 | 5 66 27 88 10 Core Hits 72 | 4 21 10 34 3 Critical Hits 2 | . 2 . . . Critical Kills . | . . . . . Critical Parts Destroyed 2 | . 2 . . . Melee Attacks 1 | . . . 1 . Impact . | . . . . . Slashing 1 | . . . 1 . Piercing . | . . . . . Sneak Attacks . | . . . . . Combat Hostiles . | . . . . . Follow-up Attacks . | . . . . . Damage Inflicted 3731 | 58 996 490 1979 208 Guns 604 | 58 189 . 357 . Cannons 2845 | . 807 490 1340 208 Explosions 277 | . . . 277 . Melee . | . . . . . Ramming 5 | . . . 5 . Kinetic 2238 | 34 556 490 1052 106 Thermal 1211 | 24 440 . 645 102 Explosive 277 | . . . 277 . Electromagnetic . | . . . . . Impact . | . . . . . Slashing . | . . . . . Piercing . | . . . . . Highest Corruption . | . . . . . Average Corruption . | . . . . . Corruption Purged . | . . . . . Overload Shots . | . . . . . Overflow Damage 44 | . . 10 34 . Projectiles 44 | . . 10 34 . Explosions . | . . . . . Melee . | . . . . . Knockbacks 21 | . 6 6 7 2 Impact . | . . . . . Kinetic 20 | . 6 5 7 2 Secondary 1 | . . 1 . . Self-Inflicted Damage 2 | . . . 2 . Shots . | . . . . . Rammed 1 | . . . 1 . Targets Rammed 1 | . . . 1 . Kicked . | . . . . . Crushed . | . . . . . Highest Temperature 252 | . 252 126 209 66 Average Temperature 58 | . 80 52 40 30 Received Heat Transfer 519 | . 126 54 291 48 Siege Activations . | . . . . . Robots Corrupted . | . . . . . Combat Hostiles . | . . . . . Parts Fried . | . . . . . Impact Corruptions . | . . . . . Robots Melted . | . . . . . Combat Hostiles . | . . . . . Parts Melted 1 | . 1 . . . Heat Transferred 2492 | 50 925 . 1332 185 Parts Sabotaged . | . . . . . Parts Stolen . | . . . . . Parts Stripped . | . . . . . Power Chain Reactions . | . . . . . Missiles Intercepted . | . . . . . Alert | -11 -10 -10 -9 -9 ------- Run | Scr Mat Min Mat Min Peak Influence 300 | 15 196 139 300 145 Initial 95 | . 8 9 6 95 Average 89 | 5 48 76 154 138 Maximum Alert Level 1 | . . . 1 . Low Security (%) 92 | 100 100 100 75 100 Level 1 7 | . . . 24 . Level 2 . | . . . . . Level 3 . | . . . . . Level 4 . | . . . . . Level 5 . | . . . . . High Security . | . . . . . Max Security . | . . . . . Squads Dispatched 2 | . 1 . 1 . Investigation 1 | . 1 . . . Extermination . | . . . . . Reinforcement 1 | . . . 1 . Assault . | . . . . . Garrison . | . . . . . Intercept . | . . . . . Construction Impeded . | . . . . . Haulers Reinforced . | . . . . . Stealth | -11 -10 -10 -9 -9 --------- Run | Scr Mat Min Mat Min Distress Signals 4 | . . . 4 . Communications Jammed . | . . . . . Distress Signals . | . . . . . Times Spotted 59 | . 15 10 32 2 Peak Tracking Total 5 | . 5 3 4 2 Tactical Retreats 11 | . 5 1 5 . Traps | -11 -10 -10 -9 -9 ------- Run | Scr Mat Min Mat Min Traps Triggered 3 | . 3 . . . Indirectly . | . . . . . Trap Hack Attempts . | . . . . . Triggered . | . . . . . Disarmed . | . . . . . Reprogrammed . | . . . . . Reused . | . . . . . Traps Extracted . | . . . . . Installed . | . . . . . Triggered . | . . . . . Machines | -11 -10 -10 -9 -9 ---------- Run | Scr Mat Min Mat Min Machines Disabled 1 | . 1 . . . Max in Single Turn 1 | . 1 . . . Machines Sabotaged . | . . . . . Garrisons Compromised . | . . . . . Overloaded Fab Kills . | . . . . . Fab Network Shutdowns . | . . . . . Hacking | -11 -10 -10 -9 -9 --------- Run | Scr Mat Min Mat Min Machines Accessed 12 | . 7 . 5 . Terminals 10 | . 5 . 5 . Fabricators . | . . . . . Repair Stations 1 | . 1 . . . Recycling Units 1 | . 1 . . . Scanalyzers . | . . . . . Garrison Access . | . . . . . Total Hacks 38 | . 19 . 19 . Successful 29 | . 13 . 16 . Failed 9 | . 6 . 3 . Catastrophic 2 | . 2 . . . Database Lockouts . | . . . . . Manual 15 | . 6 . 9 . Terminals 33 | . 14 . 19 . Fabricators . | . . . . . Repair Stations 2 | . 2 . . . Recycling Units 3 | . 3 . . . Scanalyzers . | . . . . . Garrison Access . | . . . . . Terminal Hacks 26 | . 10 . 16 . Record 2 | . 1 . 1 . Part Schematic 3 | . . . 3 . Prototype ID Bank 4 | . 2 . 2 . Level Access Points 2 | . 1 . 1 . Branch Access Points 3 | . 1 . 2 . Emergency Access Points 2 | . 1 . 1 . Locate Traps 3 | . . . 3 . Hauler Manifests 3 | . 2 . 1 . Zone Layout 4 | . 2 . 2 . Fabricator Hacks . | . . . . . Repair Station Hacks 1 | . 1 . . . Scan Component 1 | . 1 . . . Recycling Unit Hacks 2 | . 2 . . . Report Inventory 1 | . 1 . . . Retrieve Matter 1 | . 1 . . . Scanalyzer . | . . . . . Garrison Access Hacks . | . . . . . Unauthorized Hacks . | . . . . . Terminals . | . . . . . Fabricators . | . . . . . Repair Stations . | . . . . . Recycling Units . | . . . . . Scanalyzers . | . . . . . Garrison Access . | . . . . . Data Cores Recovered . | . . . . . Used . | . . . . . Hacking Detections 10 | . 6 . 4 . Full Trace Events 2 | . 2 . . . Feedback Events . | . . . . . Feedback Blocked . | . . . . . Robot Schematics Acquired . | . . . . . Robots Built . | . . . . . Matter . | . . . . . Time . | . . . . . Total Robot Build Rating . | . . . . . Part Schematics Acquired 3 | . . . 3 . Parts Built . | . . . . . Matter . | . . . . . Time . | . . . . . Total Part Build Rating . | . . . . . Parts Repaired . | . . . . . Time . | . . . . . Parts Recycled . | . . . . . Recycled Matter . | . . . . . Retrieved Matter . | . . . . . Retrieved Components . | . . . . . Parts Scanalyzed . | . . . . . Part Schematics Acquired . | . . . . . Parts Damaged . | . . . . . Bothacking | -11 -10 -10 -9 -9 ------------ Run | Scr Mat Min Mat Min Used RIF Installer . | . . . . . Robots Hacked . | . . . . . Non-combat . | . . . . . Combat . | . . . . . Robot Hacks Applied . | . . . . . Relay Couplers Released . | . . . . . Robots Rewired . | . . . . . Allies Hacked . | . . . . . Hacks Repelled . | . . . . . Allies | -11 -10 -10 -9 -9 -------- Run | Scr Mat Min Mat Min Total Allies 3 | . . 3 . . Largest Group 3 | . . 3 2 . Highest-Rated Group 40 | . . 40 32 . Highest-Rated Ally 16 | . . 16 16 . Total Orders . | . . . . . Ally Attacks 35 | . . 24 11 . Total Damage 366 | . . 274 92 . Kills 5 | . . 4 1 . Allies Corrupted . | . . . . . Allies Melted . | . . . . . Intel | -11 -10 -10 -9 -9 ------- Run | Scr Mat Min Mat Min Robot Analysis Total . | . . . . . Derelict Logs Recovered 2 | . . 2 . . Drone Launches . | . . . . . Drone Recoveries . | . . . . . Exploration | -11 -10 -10 -9 -9 ------------- Run | Scr Mat Min Mat Min Turns Passed 3664 | 72 1433 942 1095 122 Spaces Moved 2508 | 44 1008 698 681 77 Core 3 | 3 . . . . Treads . | . . . . . Legs 2505 | 41 1008 698 681 77 Wheels . | . . . . . Hover . | . . . . . Flight . | . . . . . Fastest Speed 50 | 50 120 120 120 120 Average Speed 120 | 115 120 120 120 120 Slowest Speed 150 | 120 150 120 120 120 Overloaded Moves . | . . . . . Propulsion Burnouts . | . . . . . Robots Hopped . | . . . . . Cave-ins Triggered . | . . . . . Exploration Rate (%) 55 | 3 96 99 67 10 Regions Visited 4 Branch Regions 2 Pre-discovered Areas 1 | . . 1 . . Known Exits Taken 3 | . 1 1 1 . Unknown Exits Taken 1 | 1 . . . . Scrap Searched 1 | . . 1 . . Spaces Dug 25 | . . . 25 . Terrain Destroyed 58 | . 1 4 53 . Melee 1 | . . . 1 . Projectile 7 | . 1 4 2 . AOE 50 | . . . 50 . Terrain Rammed . | . . . . . Walls Destroyed . | . . . . . Machines Disabled . | . . . . . Actions | -11 -10 -10 -9 -9 --------- Run | Scr Mat Min Mat Min Total 2862 | 54 1125 761 830 92 Wait 99 | . 34 29 36 . Move 2504 | 43 1007 697 680 77 Hop . | . . . . . Pick Up 8 | 1 4 1 2 . Fast Attach 22 | 6 9 . 7 . Attach 2 | . . 1 1 . Detach 2 | . 1 . 1 . Swap 7 | . 4 . 3 . Drop 14 | . 7 1 6 . Fire 146 | 4 49 21 65 7 Melee 1 | . . . 1 . Ram . | . . . . . Kick 1 | . . . 1 . Crush . | . . . . . Escape Stasis . | . . . . . Rewire . | . . . . . Trap . | . . . . . Miscellaneous 56 | . 10 11 27 8 Route ------- -11/Scrapyard -10/Materials (discovered 4 exits: *Mat x3 / *Min) -10/Mines (discovered 2 exits: *Mat x2) -9/Materials (discovered 6 exits: *Mat x3 / *Min x2 / Sto) -9/Mines History --------- Turn | Location | Event 10 | -11/Scrapyard | Discovered new exit (range 16) 16 | -11/Scrapyard | Upgraded with Propulsion slot (x1) 16 | -11/Scrapyard | Upgraded with Utility slot (x1) 16 | -11/Scrapyard | Upgraded with Weapon slot (x1) 73 | -11/Scrapyard | Entered Materials 90 | -10/Materials | Identified exit to Mines 90 | -10/Materials | Identified exit to Materials 308 | -10/Materials | Build established: Mutant 1498 | -10/Materials | Reached level 2 1506 | -10/Materials | Entered Mines 1779 | -10/Mines | Discovered exit to Materials (range 9) 1785 | -10/Mines | Learned location of Storage (-9) 1892 | -10/Mines | Assisted by bots powering up and referring to "LRC-V3" 2069 | -10/Mines | Received a Rocket Launcher from a helpful Derelict 2105 | -10/Mines | Discovered exit to Materials (range 8) 2116 | -10/Mines | Reached level 3 2257 | -10/Mines | Learned Materials garrison access intel 2260 | -10/Mines | Learned Materials trap positions 2424 | -10/Mines | Upgraded with Propulsion slot (x1) 2424 | -10/Mines | Upgraded with Utility slot (x1) 2424 | -10/Mines | Upgraded with Weapon slot (x1) 2448 | -10/Mines | Entered Materials 2448 | -9/Materials | Accompanied by 2 allies 2449 | -9/Materials | Loaded intel: 15 trap records 2450 | -9/Materials | Reached level 4 2641 | -9/Materials | Reached level 5 2730 | -9/Materials | Build established: Hacker-Mutant 2734 | -9/Materials | Identified exit to Mines 2734 | -9/Materials | Identified exit to Storage 2734 | -9/Materials | Identified exit to Materials 3250 | -9/Materials | Reached level 6 3543 | -9/Materials | Entered Mines 3665 | -9/Mines | Self-destructed Last Messages --------------- U-05 Engineer builds a Door. Y-45 Defender destroyed. K-01 Serf collects debris. Protomatter-46 decays. K-01 Serf collects debris. Destroyed Hover Unit. Destroyed Lgt. Ion Engine. R-06 Scavenger collects Hvy. Assault Rifle. W-16 Scout destroyed. K-01 Serf collects debris. Acquired 55 matter. K-01 Serf collects debris. LOCATION=MINES GOAL=ESCAPE Something is scanning the area. L-31 Rogue knocked back. L-31 Rogue destroyed. G-34 Mercenary destroyed. Used Protomatter to restore core integrity (+54, depleted) Used Protomatter to restore core integrity (+120, depleted) Map ----- +----------------------------------------------------+ | | | | | | | | | | | | | | | | | | | | | | | | | | | | | | | ????????????????????????????????????????????? | | ????????????????????????????????????????????? | | ????????????????????????????????????????????? | | ????????????????????????????????????????????? | | ???????????????????????????????????########?? | | ???????????????????????????????????# = #?? | | ???????????????????????????????????# = #?? | | ???????????????????????????????????# #?? | | ???????????????????????????????????# #?? | | ????????????????????################ #?? | | ????????????????????# @ """ #?? | | ????????????????????# ############# """ #?? | | ???????????????????????????????????# """ #?? | | ?????????????????#?????????????????# #?? | | ?????????????????# ????????????????#### ###?? | | ?????????????????# ???????????????????# #???? | | ?????????????????# x?????????????????# #???? | | ?????????????????? ?x????????????????# #???? | | ??????????????????? ?????????????????# #???? | | ??????????????????? ?????????????????# #???? | | ???????????????????? ????????????????# #???? | | ????????????????????? ????????????????# #???? | | ?????????????????????# ???????????????# #???? | | ???????? ###### ################ #???? | | ???????? #???? | | ???????? ###### ##################???? | | ???????????????????? ?????????????????????? | | ??????????????????? ??????????????????????? | | ??????????????????# "??????????????????????? | | ??????????????????# ???????????????????????? | | ??????????????????# ???????????????????????? | | ??????????????????# ????????????????????????? | | ??????????????????##????????????????????????? | | ????????????????????????????????????????????? | | ????????????????????????????????????????????? | +----------------------------------------------------+ Best States ------------- Heat Dissipation 39 Energy Generation 12 Energy Capacity 265 Matter Stores 385 Matter Capacity 400 Sight Range 16 Robot Scan Range 10 Terrain Scan Range 16 Terrain Scan Density 10 Resistance: KI 20 Resistance: TH 35 Resistance: EX 20 Resistance: EM 20 Resistance: I 20 Resistance: S 20 Resistance: P 20 Propulsion Shielding 33 Evasion (%) 40 Offensive Hacking 20 Defensive Hacking 5 Item Schematics ----------------- Grenade Launcher | -9/Materials | Hacked Hcp. Matter Pod | -9/Materials | Hacked Imp. Signal Interpreter | -9/Materials | Hacked Robot Schematics ------------------ None Fabricated ------------ Nothing Alien Tech Used ----------------- None Achievements -------------- None Challenges ------------ None RPGLIKE | -11 -10 -10 -9 -9 --------- Run | Scr Mat Min Mat Min Levels Raised 5 | . 1 1 3 . XP Earned 12985 | 4000 1515 1859 4861 750 XP Spent 10000 | 4000 . 3000 3000 . Upgrades 22 | 7 . 5 10 . Propulsion Slot 2 | 1 . 1 . . Utility Slot 2 | 1 . 1 . . Weapon Slot 2 | 1 . 1 . . Inventory Capacity 5 | 4 . . 1 . Sensor Range 5 | . . . 5 . Hack Attack % 2 | . . 2 . . Hack Defense % 1 | . . . 1 . TH Resistance % 3 | . . . 3 . Protomatter Created 457 | . 84 40 275 58 Integrity Restored 1072 | . 203 206 489 174 Core 862 | . 155 151 382 174 Parts 210 | . 48 55 107 . Protomatter Decayed 205 | . 15 19 171 . Game ------ Seed SiegeNovaCasing Manual? 0 Play Time 00:30:07 Cumulative 19.0 hours Start 2022.01.02 @ 22:07:13 End 2022.01.02 @ 22:36:47 Sessions 1 Manual Loads 0 Difficulty Adventurer Special Mode Winter2019/RPGLIKE Game No. 37 Rogue 0 Adventurer 37 Explorer 0 Win Type - Total 0 Types 0/0/0/0/0/0/0/0/0 Lore% 37 Gallery% 40 Achievement% 21 Wizard Run 0 Options --------- ASCII 0 Keyboard 0 Movement Mouse Keybinds 0 Fullscreen 1 Font 18/SmallcapsGlow Map View 76x50 Tactical HUD 0 Map Filters NONE Filters NONE Steam 1 RUN: c5dabff9-3f3f-4578-9d03-d19d799b798c